TOP OF THE 1ST |
Salem Sledgehammers batting - Pitching for Saskatoon Smokin' Guns : RHP Guy Farinelli
|
Pitching: RHP Guy Farinelli
|
|
Batting: RHB Luis Bustamante
|
0-0: Swinging Strike 0-1: Fly out, F7 (Flyball, 78M)
|
Batting: SHB Enrique Uribe
|
0-0: Fly out, F9 (Flyball, 9D)
|
Batting: LHB Nathan Frey
|
0-0: Ball 1-0: Called Strike 1-1: Swinging Strike 1-2: Fly out, F9 (Flyball, 9LM)
|
Top of the 1st over - 0 run(s), 0 hit(s), 0 error(s), 0 left on base; Salem 0 - Saskatoon 0 |
BOTTOM OF THE 1ST |
Saskatoon Smokin' Guns batting - Pitching for Salem Sledgehammers : RHP Guillermo Martínez
|
Pitching: RHP Guillermo Martínez
|
|
Batting: LHB Alejandro Rojas
|
0-0: SINGLE (Flyball, 89M)
|
Batting: RHB Johnny MacNamara
|
0-0: Called Strike 0-1: Foul Ball, location: 2F 0-2: Ball 1-2: Strikes out swinging
|
Batting: RHB José Chávez
|
0-0: SINGLE (Groundball, 56D) Alejandro Rojas to second
|
Batting: RHB César Rodríguez
|
0-0: Ball 1-0: Called Strike 1-1: Ball 2-1: Ball 3-1: Foul Ball, location: 2F 3-2: Strikes out looking
|
Batting: RHB Rijk de Rade
|
0-0: DOUBLE (Line Drive, 78D) Alejandro Rojas scores José Chávez to third
|
Batting: RHB Ben Fisher
|
0-0: Ball 1-0: Ball Wild Pitch! José Chávez scores Rijk de Rade to third 2-0: Called Strike 2-1: Swinging Strike 2-2: Ball 3-2: Base on Balls
|
Batting: LHB Rubén Salazar
|
0-0: SINGLE (Line Drive, 4D) Rijk de Rade scores Ben Fisher to second
|
Batting: RHB Juan Chávez
|
0-0: Foul Ball, location: 2F 0-1: Swinging Strike 0-2: Ball 1-2: Strikes out looking
|
Bottom of the 1st over - 3 run(s), 4 hit(s), 0 error(s), 2 left on base; Salem 0 - Saskatoon 3 |
TOP OF THE 2ND |
Salem Sledgehammers batting - Pitching for Saskatoon Smokin' Guns : RHP Guy Farinelli
|
Batting: SHB Richard Griffin
|
0-0: Called Strike 0-1: Ball 1-1: Ball 2-1: Foul Ball, location: 2F 2-2: Ball 3-2: Base on Balls
|
Batting: RHB Bobby Miller
|
0-0: Ball 1-0: Fly out, F8 (Flyball, 89M)
|
Batting: RHB Patrick Daniels
|
0-0: Ball 1-0: Fly out, F8 (Flyball, 8RS)
|
Batting: RHB Gilberto Silva
|
0-0: Called Strike 0-1: 2-RUN HOME RUN (Flyball, 7D), Distance : 430 ft
|
Batting: LHB Caleb Hall
|
0-0: Ball 1-0: Called Strike 1-1: Ball 2-1: Ball 3-1: Base on Balls
|
Batting: RHB Lakota O'Reilly
|
0-0: Ball 1-0: Called Strike 1-1: Foul Ball, location: 2F 1-2: Strikes out swinging
|
Top of the 2nd over - 2 run(s), 1 hit(s), 0 error(s), 1 left on base; Salem 2 - Saskatoon 3 |
BOTTOM OF THE 2ND |
Saskatoon Smokin' Guns batting - Pitching for Salem Sledgehammers : RHP Guillermo Martínez
|
Batting: SHB Michael Miller
|
0-0: Called Strike 0-1: Ball 1-1: Ball 2-1: SINGLE (Line Drive, 7LM)
|
Batting: LHB Alejandro Rojas
|
0-0: Called Strike 0-1: Swinging Strike 0-2: Ball 1-2: Foul Ball, location: 2F 1-2: Foul Ball, location: 2F 1-2: Foul Ball, location: 2F 1-2: Strikes out swinging
|
Batting: RHB Johnny MacNamara
|
0-0: Ball Michael Miller steals 2nd base 1-0: Called Strike Michael Miller steals 3rd base 1-1: Fly out, F9 (Flyball, 9LM) Runner from 3rd tags up, SCORES, no throw
|
Batting: RHB José Chávez
|
0-0: Swinging Strike 0-1: Ball 1-1: Foul Ball, location: 2F 1-2: Ball 2-2: Ball 3-2: Foul Ball, location: 2F 3-2: Base on Balls
|
Batting: RHB César Rodríguez
|
0-0: Ball 1-0: SINGLE (Groundball, 6MD) José Chávez to second Runner from 2nd tries for 3rd, SAFE, throw made to third
|
Batting: RHB Rijk de Rade
|
0-0: Ball 1-0: Ball 2-0: Foul Ball, location: 2F 2-1: Ball 3-1: Foul Ball, location: 2F 3-2: Foul Ball, location: 2F 3-2: Foul Ball, location: 2F 3-2: SINGLE (Groundball, 6) (infield hit) José Chávez scores César Rodríguez to second
|
Pitching: LHP Sean Yarbrough
|
|
Batting: RHB Ben Fisher
|
0-0: Swinging Strike 0-1: Ball 1-1: Foul Ball, location: 2F 1-2: Foul Ball, location: 2F 1-2: Strikes out swinging
|
Bottom of the 2nd over - 2 run(s), 3 hit(s), 0 error(s), 2 left on base; Salem 2 - Saskatoon 5 |
TOP OF THE 3RD |
Salem Sledgehammers batting - Pitching for Saskatoon Smokin' Guns : RHP Guy Farinelli
|
Batting: RHB Luis Bustamante
|
0-0: Called Strike 0-1: Ball 1-1: Fly out, F9 (Flyball, 89M)
|
Batting: SHB Enrique Uribe
|
0-0: Ball 1-0: Called Strike 1-1: Ball 2-1: Swinging Strike 2-2: Ball 3-2: Base on Balls
|
Batting: LHB Nathan Frey
|
0-0: Ball 1-0: Foul Ball, location: 2F 1-1: Ball 2-1: SINGLE (Line Drive, 78S) Enrique Uribe to second
|
Batting: SHB Richard Griffin
|
0-0: Ball 1-0: Ball 2-0: Called Strike 2-1: Foul Ball, location: 2F 2-2: SINGLE (Groundball, 34D) Enrique Uribe to third Nathan Frey to second Runner from 3rd tries for Home, SAFE, no throw
|
Batting: RHB Bobby Miller
|
0-0: Called Strike 0-1: Reached on error, E6 (Groundball, 56) Nathan Frey to third Richard Griffin to second
|
Batting: RHB Patrick Daniels
|
0-0: Called Strike 0-1: Ball 1-1: Swinging Strike 1-2: Foul Ball, location: 2F 1-2: Ball Wild Pitch! Nathan Frey scores Richard Griffin to third Bobby Miller to second 2-2: Foul Ball, location: 2F 2-2: Strikes out swinging
|
Batting: RHB Gilberto Silva
|
0-0: Ball 1-0: Called Strike 1-1: Ball 2-1: DOUBLE (Line Drive, 89D) Richard Griffin scores Bobby Miller scores
|
Pitching: RHP Álex Amaya
|
|
Batting: LHB Caleb Hall
|
0-0: Foul Ball, location: 2F 0-1: Ball 1-1: Fly out, F8 (Flyball, 8RS)
|
Top of the 3rd over - 4 run(s), 3 hit(s), 1 error(s), 1 left on base; Salem 6 - Saskatoon 5 |
BOTTOM OF THE 3RD |
Saskatoon Smokin' Guns batting - Pitching for Salem Sledgehammers : LHP Sean Yarbrough
|
Batting: LHB Rubén Salazar
|
0-0: Ball 1-0: Foul Ball, location: 2F 1-1: Called Strike 1-2: Foul Ball, location: 2F 1-2: SINGLE (Groundball, 6MD)
|
Batting: RHB Juan Chávez
|
0-0: Foul Ball, location: 2F 0-1: Swinging Strike 0-2: Ball 1-2: Strikes out swinging
|
Batting: SHB Michael Miller
|
0-0: Ball 1-0: Called Strike 1-1: Ball 2-1: SINGLE (Flyball, 89S) Rubén Salazar to second Runner from 2nd tries for 3rd, SAFE, throw made to third Michael Miller to second
|
Batting: LHB Alejandro Rojas
|
0-0: Foul Ball, location: 2F 0-1: Foul Ball, location: 2F 0-2: Ball 1-2: Strikes out swinging
|
Batting: RHB Johnny MacNamara
|
0-0: Called Strike 0-1: Called Strike 0-2: SINGLE (Groundball, 4M) (infield hit) Rubén Salazar scores Michael Miller to third
|
Batting: RHB José Chávez
|
Balk! Michael Miller scores Johnny MacNamara to second 0-0: Ball 1-0: Called Strike 1-1: Fly out, F9 (Flyball, 89M)
|
Bottom of the 3rd over - 2 run(s), 3 hit(s), 0 error(s), 1 left on base; Salem 6 - Saskatoon 7 |
TOP OF THE 4TH |
Salem Sledgehammers batting - Pitching for Saskatoon Smokin' Guns : RHP Álex Amaya
|
Batting: RHB Lakota O'Reilly
|
0-0: Ball 1-0: Ball 2-0: Foul Ball, location: 2F 2-1: Ball 3-1: Foul Ball, location: 2F 3-2: Foul Ball, location: 2F 3-2: Ground out 4-3 (Groundball, 4)
|
Batting: RHB Luis Bustamante
|
0-0: Called Strike 0-1: Ground out 6-3 (Groundball, 6M)
|
Batting: SHB Enrique Uribe
|
0-0: Ball 1-0: Swinging Strike 1-1: Ball 2-1: SINGLE (Line Drive, 56)
|
Batting: LHB Nathan Frey
|
0-0: Ball 1-0: Ball 2-0: Ball 3-0: Base on Balls Enrique Uribe to second
|
Batting: SHB Richard Griffin
|
0-0: Foul Ball, location: 2F 0-1: Swinging Strike 0-2: Ball 1-2: Ball 2-2: Foul Ball, location: 2F 2-2: Ball 3-2: Base on Balls Enrique Uribe to third Nathan Frey to second
|
Pitching: RHP Denny Koch
|
|
Batting: RHB Bobby Miller
|
0-0: Ball Wild Pitch! Enrique Uribe scores Nathan Frey to third Richard Griffin to second 1-0: Ball 2-0: Ball 3-0: Base on Balls
|
Batting: RHB Patrick Daniels
|
0-0: Called Strike 0-1: Called Strike 0-2: Fielders Choice at 2nd, 4-6 (Groundball, 4)
|
Top of the 4th over - 1 run(s), 1 hit(s), 0 error(s), 2 left on base; Salem 7 - Saskatoon 7 |
BOTTOM OF THE 4TH |
Saskatoon Smokin' Guns batting - Pitching for Salem Sledgehammers : LHP Sean Yarbrough
|
Batting: RHB César Rodríguez
|
0-0: Swinging Strike 0-1: Swinging Strike 0-2: Foul Ball, location: 2F 0-2: Strikes out swinging
|
Batting: RHB Rijk de Rade
|
0-0: Called Strike 0-1: Ball 1-1: Foul Ball, location: 2F 1-2: Foul Ball, location: 2F 1-2: Foul Ball, location: 2F 1-2: Strikes out swinging
|
Batting: RHB Ben Fisher
|
0-0: Ball 1-0: Called Strike 1-1: Fly out, F8 (Flyball, 8LM)
|
Bottom of the 4th over - 0 run(s), 0 hit(s), 0 error(s), 0 left on base; Salem 7 - Saskatoon 7 |
TOP OF THE 5TH |
Salem Sledgehammers batting - Pitching for Saskatoon Smokin' Guns : RHP Denny Koch
|
Batting: RHB Gilberto Silva
|
0-0: Ball 1-0: Called Strike 1-1: Called Strike 1-2: Hit by Pitch
|
Batting: LHB Caleb Hall
|
0-0: Ball 1-0: Ball 2-0: Called Strike 2-1: Ball 3-1: Base on Balls Gilberto Silva to second
|
Batting: RHB Lakota O'Reilly
|
0-0: Ball 1-0: Fielders Choice at 2nd, 5-4 (Groundball, 56) Gilberto Silva to third
|
Batting: RHB Luis Bustamante
|
0-0: Ball 1-0: Called Strike 1-1: Ball 2-1: Ball 3-1: Fly out, F7 (Flyball, 78D) Runner from 3rd tags up, SCORES, no throw
|
Batting: SHB Enrique Uribe
|
0-0: Swinging Strike 0-1: Ball 1-1: Ball 2-1: Foul Ball, location: 2F 2-2: Foul Ball, location: 2F 2-2: Ball 3-2: Strikes out swinging
|
Top of the 5th over - 1 run(s), 0 hit(s), 0 error(s), 1 left on base; Salem 8 - Saskatoon 7 |
BOTTOM OF THE 5TH |
Saskatoon Smokin' Guns batting - Pitching for Salem Sledgehammers : LHP Sean Yarbrough
|
Batting: LHB Rubén Salazar
|
0-0: Called Strike 0-1: Swinging Strike 0-2: Ball 1-2: Strikes out swinging
|
Batting: RHB Juan Chávez
|
0-0: Called Strike 0-1: Ground out 5-3 (Groundball, 56S)
|
Batting: SHB Michael Miller
|
0-0: Called Strike 0-1: Swinging Strike 0-2: Foul Ball, location: 2F 0-2: Strikes out swinging
|
Bottom of the 5th over - 0 run(s), 0 hit(s), 0 error(s), 0 left on base; Salem 8 - Saskatoon 7 |
TOP OF THE 6TH |
Salem Sledgehammers batting - Pitching for Saskatoon Smokin' Guns : RHP Denny Koch
|
Batting: LHB Nathan Frey
|
0-0: Called Strike 0-1: Ball 1-1: Ball 2-1: Ball 3-1: Base on Balls
|
Batting: SHB Richard Griffin
|
0-0: Foul Ball, location: 2F 0-1: Ball 1-1: Ball 2-1: Ball 3-1: Swinging Strike 3-2: Base on Balls Nathan Frey to second
|
Pitching: LHP Ernesto Pérez
|
|
Batting: RHB Bobby Miller
|
0-0: Ball 1-0: Called Strike 1-1: Foul Ball, location: 2F 1-2: Ball 2-2: Ground out 5-3 (Groundball, 56S) Nathan Frey to third Richard Griffin to second
|
Batting: RHB Patrick Daniels
|
0-0: Ball 1-0: SINGLE (Groundball, 34D) Nathan Frey scores Richard Griffin to third Runner from 3rd tries for Home, throw and OUT! Patrick Daniels to second
|
Batting: RHB Gilberto Silva
|
0-0: Swinging Strike 0-1: Ball 1-1: Foul Ball, location: 2F 1-2: Ball 2-2: Strikes out looking
|
Top of the 6th over - 1 run(s), 1 hit(s), 0 error(s), 1 left on base; Salem 9 - Saskatoon 7 |
BOTTOM OF THE 6TH |
Saskatoon Smokin' Guns batting - Pitching for Salem Sledgehammers : LHP Sean Yarbrough
|
Pitching: LHP Josh García
|
|
Batting: LHB Alejandro Rojas
|
0-0: Called Strike 0-1: Ball 1-1: Foul Ball, location: 2F 1-2: Ball 2-2: Ground out 3-1 (Groundball, 34)
|
Batting: RHB Johnny MacNamara
|
0-0: DOUBLE (Line Drive, 7LM)
|
Batting: RHB José Chávez
|
0-0: Ball Wild Pitch! Johnny MacNamara to third 1-0: Called Strike Steal of home, Johnny MacNamara is out 1-1: Ball 2-1: Ball 3-1: Called Strike 3-2: Base on Balls
|
Batting: RHB César Rodríguez
|
0-0: Foul Ball, location: 2F 0-1: Ball 1-1: Swinging Strike 1-2: Ball 2-2: Foul Ball, location: 2F 2-2: Ball 3-2: Base on Balls José Chávez to second
|
Batting: RHB Rijk de Rade
|
0-0: Ball 1-0: Ball 2-0: Foul Ball, location: 2F 2-1: Hit by Pitch José Chávez to third César Rodríguez to second
|
Batting: RHB Ben Fisher
|
0-0: Ball 1-0: Ball 2-0: Ball 3-0: Base on Balls José Chávez scores César Rodríguez to third Rijk de Rade to second
|
Batting: LHB Rubén Salazar
|
0-0: SINGLE (Line Drive, 6) César Rodríguez scores Rijk de Rade to third Ben Fisher to second Runner from 3rd tries for Home, SAFE, throw made at trailing runner, OUT at third!
|
Bottom of the 6th over - 3 run(s), 2 hit(s), 0 error(s), 1 left on base; Salem 9 - Saskatoon 10 |
TOP OF THE 7TH |
Salem Sledgehammers batting - Pitching for Saskatoon Smokin' Guns : LHP Ernesto Pérez
|
Pitching: RHP Bernardo García
|
|
Batting: LHB Caleb Hall
|
0-0: Called Strike 0-1: Ball 1-1: Ball 2-1: Ball 3-1: Foul Ball, location: 2F 3-2: Base on Balls
|
Pinch Hitting: SHB Júlio Salazar
|
0-0: Reached on error, E3 (Groundball, 3S) Caleb Hall to second
|
Batting: RHB Luis Bustamante
|
0-0: Called Strike 0-1: Ball 1-1: Swinging Strike 1-2: Strikes out swinging
|
Pitching: RHP Luis Mejía
|
|
Batting: SHB Enrique Uribe
|
0-0: Called Strike 0-1: Called Strike 0-2: Ball 1-2: SINGLE (Line Drive, 7S) Caleb Hall to third Júlio Salazar to second Runner from 3rd tries for Home, SAFE, throw made home
|
Pitching: RHP Melvin Hicks
|
|
Batting: LHB Nathan Frey
|
0-0: Called Strike 0-1: Ball Júlio Salazar steals 3rd base Enrique Uribe to second 1-1: Ball 2-1: Foul Ball, location: 2F 2-2: Ball 3-2: Base on Balls
|
Batting: SHB Richard Griffin
|
0-0: Foul Ball, location: 2F 0-1: Called Strike 0-2: Foul Ball, location: 2F 0-2: Ball 1-2: Fly out, F7 (Flyball, 7LM) Runner from 3rd tags up, SCORES, no throw
|
Batting: RHB Bobby Miller
|
0-0: Fly out, F3 (Popup, 34)
|
Top of the 7th over - 2 run(s), 1 hit(s), 1 error(s), 2 left on base; Salem 11 - Saskatoon 10 |
BOTTOM OF THE 7TH |
Saskatoon Smokin' Guns batting - Pitching for Salem Sledgehammers : LHP Josh García
|
Pitching: RHP Blake Koepke
|
|
Now at 2B: Gilberto Tovar
|
|
Batting: RHB Juan Chávez
|
0-0: Ball 1-0: Ball 2-0: Foul Ball, location: 2F 2-1: DOUBLE (Flyball, 78M)
|
Batting: SHB Michael Miller
|
0-0: Called Strike 0-1: Ball 1-1: Ground out 4-3 (Groundball, 4) Juan Chávez to third
|
Pitching: LHP Pepe Gómez
|
|
Pinch Hitting: RHB Xavier López
|
0-0: Fly out, F7 (Flyball, 78D) Runner from 3rd tags up, SCORES, throw made
|
Pitching: RHP Eric Johnston
|
|
Pinch Hitting: LHB Carlos Perneta
|
0-0: Ball 1-0: Ground out 4-3 (Groundball, 4S)
|
Bottom of the 7th over - 1 run(s), 1 hit(s), 0 error(s), 0 left on base; Salem 11 - Saskatoon 11 |
TOP OF THE 8TH |
Salem Sledgehammers batting - Pitching for Saskatoon Smokin' Guns : RHP Melvin Hicks
|
Now at SS: Carlos Perneta
|
|
Now in CF: Xavier López
|
|
Batting: RHB Patrick Daniels
|
0-0: Ball 1-0: Ball 2-0: Fly out, F9 (Line Drive, 9S)
|
Batting: RHB Gilberto Silva
|
0-0: Ball 1-0: Ball 2-0: Ball 3-0: Called Strike 3-1: Base on Balls
|
Batting: LHB Caleb Hall
|
0-0: Called Strike 0-1: Ball 1-1: Fly out, F9 (Flyball, 9LSF)
|
Batting: RHB Gilberto Tovar
|
0-0: Ball 1-0: Called Strike 1-1: Called Strike 1-2: Strikes out swinging
|
Top of the 8th over - 0 run(s), 0 hit(s), 0 error(s), 1 left on base; Salem 11 - Saskatoon 11 |
BOTTOM OF THE 8TH |
Saskatoon Smokin' Guns batting - Pitching for Salem Sledgehammers : RHP Eric Johnston
|
Batting: RHB José Chávez
|
0-0: Ball 1-0: DOUBLE (Flyball, 8LD)
|
Pinch Hitting: LHB Bo Rush
|
0-0: Intentional Walk
|
Batting: RHB Rijk de Rade
|
0-0: Called Strike 0-1: Swinging Strike 0-2: Fielders Choice at 2nd, 1-6 (Groundball, 13) José Chávez to third
|
Batting: RHB Ben Fisher
|
0-0: Called Strike Rijk de Rade steals 2nd base 0-1: Ball 1-1: Called Strike 1-2: Strikes out swinging
|
Batting: LHB Rubén Salazar
|
0-0: Ball 1-0: Ball 2-0: SINGLE (Line Drive, 8LS) José Chávez scores Rijk de Rade to third Runner from 3rd tries for Home, SAFE, no throw
|
Pitching: LHP Alberto Pagán
|
|
Batting: RHB Juan Chávez
|
0-0: Ball 1-0: Ball 2-0: Ball 3-0: Base on Balls Rubén Salazar to second
|
Batting: SHB Michael Miller
|
0-0: Ball 1-0: Ball 2-0: Called Strike 2-1: Fly out, F6 (Popup, 6D)
|
Bottom of the 8th over - 2 run(s), 2 hit(s), 0 error(s), 2 left on base; Salem 11 - Saskatoon 13 |
TOP OF THE 9TH |
Salem Sledgehammers batting - Pitching for Saskatoon Smokin' Guns : RHP Melvin Hicks
|
Now at 1B: Bo Rush
|
|
Batting: RHB Luis Bustamante
|
0-0: SINGLE (Line Drive, 8LS)
|
Batting: SHB Enrique Uribe
|
0-0: Called Strike 0-1: Called Strike 0-2: Ball 1-2: Foul Ball, location: 2F 1-2: Fly out, F7 (Flyball, 7S)
|
Batting: LHB Nathan Frey
|
0-0: Foul Ball, location: 2F 0-1: Ball 1-1: Ball 2-1: Ball 3-1: Foul Ball, location: 2F 3-2: Foul Ball, location: 2F 3-2: SINGLE (Line Drive, 4) Luis Bustamante to second
|
Batting: SHB Richard Griffin
|
0-0: Called Strike 0-1: Swinging Strike 0-2: Ball 1-2: Strikes out swinging
|
Batting: RHB Bobby Miller
|
0-0: Ball 1-0: Swinging Strike 1-1: Swinging Strike 1-2: Ball 2-2: Ball 3-2: SINGLE (Groundball, 6D) Luis Bustamante to third Nathan Frey to second Luis Bustamante scores Nathan Frey to third
|
Batting: RHB Patrick Daniels
|
0-0: Ball 1-0: Fly out, F5 (Popup, 5D)
|
Top of the 9th over - 1 run(s), 3 hit(s), 0 error(s), 2 left on base; Salem 12 - Saskatoon 13 |
|